 Dungeon Crawl Stone Soup version 0.18.1-6-gd335043 (webtiles) character file.

12052 Shtopit the Basher (level 11, -9/106 HPs)
             Began as a Gargoyle Berserker on May 19, 2016.
             Was an Initiate of Trog.
             Mangled by an enormous slime creature (10 damage)
             ... on level 12 of the Dungeon.
             The game lasted 00:38:58 (11470 turns).

Shtopit the Basher (Gargoyle Berserker)            Turns: 11470, Time: 00:39:00

Health: -9/106     AC: 34    Str: 33    XL:     11   Next: 87%
Magic:  15/15      EV: 12    Int:  3    God:    Trog [......]
Gold:   559        SH:  2    Dex: 18    Spells: 0 memorised, 10 levels left

rFire  . . .     SeeInvis +     T - +0 dire flail (protect)
rCold  . . .     Gourm    .     S - +0 plate armour
rNeg   + + +     Faith    .     (shield currently unavailable)
rPois  ∞         Spirit   .     (helmet restricted)
rElec  +         Dismiss  +     h - +0 cloak {rPois}
rCorr  .         Reflect  .     R - +1 pair of gloves
SustAt .         Harm     .     k - +0 pair of boots
MR     .....     Clarity  +     f - amulet of Moderation {Dismiss rN+ Str+3 SInv}
Stlth  .......... Rnd*Tele +    e - ring of positive energy
                                n - ring of the Forgotten Beds {*Tele rN+++ Int-4 Dex+9 Stlth-}

@: berserking, studying Maces & Flails, very quick, not resistant to hostile
enchantments, extremely unstealthy
A: antennae 1, large bone plates 1, clarity, negative energy resistance 1,
electricity resistance, unbreathing, petrification resistance, rot immunity, AC
+7
a: Burn Spellbooks, Renounce Religion


You were on level 12 of the Dungeon.
You worshipped Trog.
Trog was noncommittal.
You were not hungry.

You visited 1 branch of the dungeon, and saw 12 of its levels.
You also visited: Trove.

You collected 559 gold pieces.

Inventory:

Hand Weapons
 y - a +0 whip of flaming
 E - a +2 flail of protection
 M - a +0 arbalest
 T - a +0 dire flail of protection (weapon)
 V - a +0 blowgun
Missiles
 m - 54 bolts
 C - 6 curare-tipped needles
 W - 30 poisoned needles
Armour
 h - a +0 cloak of poison resistance (worn)
 k - a +0 pair of boots (worn)
 R - a +1 pair of gloves (worn)
 S - a +0 plate armour (worn)
Jewellery
 e - a ring of positive energy (right hand)
 f - the amulet of Moderation (around neck) {Dismiss rN+ Str+3 SInv}
   (You found it in a treasure trove)

   [amulet of dismissal]

   It may teleport away creatures that harm you.
   It affects your strength (+3).
   It protects you from negative energy.
   It lets you see invisible.
 n - the ring of the Forgotten Beds (left hand) {*Tele rN+++ Int-4 Dex+9 Stlth-}
   (You found it in a treasure trove)

   [ring of teleportation]

   It may teleport you next to monsters.
   It affects your intelligence (-4).
   It affects your dexterity (+9).
   It renders you almost immune to negative energy.
   It makes you less stealthy.
 q - an uncursed ring of protection from cold
Wands
 l - a wand of lightning (9/15)
 t - a wand of lightning (0/15)
 v - a wand of acid (6/15)
 G - a wand of enslavement (16/24)
 X - a wand of teleportation (3/9)
Scrolls
 o - a scroll of enchant armour
 u - a scroll of summoning
 x - 5 scrolls of recharging
 H - a scroll of fog
 I - 2 scrolls of remove curse
 N - a scroll of magic mapping
Potions
 a - a potion of experience {unknown}
 b - a potion of haste {unknown}
 d - 2 potions of cure mutation {unknown}
 g - a potion of cancellation
 j - a potion of mutation
 p - 3 potions of curing
 s - 3 potions of flight
 w - a potion of invisibility
 z - 2 potions of lignification {unknown}
 D - 3 potions of magic {unknown}
 F - 2 potions of might
 P - a potion of resistance {unknown}
 Q - a potion of brilliance {unknown}
Books
 K - a manual of Maces & Flails
Comestibles
 c - 7 bread rations
 r - 4 chunks of flesh
 U - 3 meat rations


   Skills:
 + Level 9.2 Fighting
 + Level 11.9 Maces & Flails
 + Level 9.5 Armour
 + Level 6.4 Dodging
 * Level 6.6 Evocations


You had 10 spell levels left.
You didn't know any spells.

Dungeon Overview and Level Annotations

Branches:
Dungeon (12/15)            Temple (0/1) D:6            Lair (0/8) D:11
    Orc (0/2) D:11

Altars:
Cheibriados
Elyvilon
Fedhas
Trog
Xom
Yredelemnul

Shops:
D:5 *   D:12 *

Annotations:
D:8 Gastronok
D:10 Maud


Innate Abilities, Weirdness & Mutations

You are resistant to torment.
Your stone body is resilient (AC +7).
You are immune to poison.
You resist negative energy.
You are resistant to electric shocks.
You can survive without breathing.
You are immune to petrification.
You are immune to rotting.
You have a pair of small antennae on your head.
You are partially covered in large bone plates (AC +2, SH +2).
You possess an exceptional clarity of mind.


Message History

Read which item? (? for menu, Esc to quit)
As you read the scroll of holy word, it crumbles to dust.
You speak a Word of immense power!
The slime creature hits you but does no damage.
The large slime creature barely misses you.
The slime creature hits you but does no damage.
The enormous slime creature hits you!!
* * * LOW HITPOINT WARNING * * *
Okay, then.
Drink which item? (? for menu, Esc to quit)
Okay, then.
Drink which item? (? for menu, Esc to quit)
A red film seems to cover your vision as you go berserk!
You feel yourself moving faster!
You feel mighty!
The slime creature hits you but does no damage.
The large slime creature hits you!
* * * LOW HITPOINT WARNING * * *
The slime creature hits you but does no damage.
The enormous slime creature hits you!
You die...

##### #######..J##
#......###J## ###
#.###.## ##.########
.. #..Y# #JY...Y..J #
#.#Y## #.#.....J. #
#####.##J###..........
##
#......##@J.###<######
.##### #.###.[##JJ.#
.# #....# #.#
#..##.#.# .# .....#
#.# #..##.#.# .#
##...###.# #..##.#.#
.# ###......#
#..##.#.# .# ########
#..##...# .# ###
#..####.## .# ..#
#..###.#.##.#


You could see an enormous slime creature, a large slime creature, 2 slime
creatures and 2 yaks.

Vanquished Creatures
  An unseen horror (D:12)
  A hill giant (D:12)
  Pikel (D:8)
  2 ugly things
  The ghost of MDvedh the Cleaver, a novice HuBe of Trog (D:6)
  A deep elf mage (D:12)
  Joseph (D:7)
  2 kobold demonologists (D:12)
  2 two-headed ogres (D:9)
  2 trolls
  4 slime creatures (D:12)
  Sigmund (D:6)
  A spriggan (D:8)
  6 yaks
  A hippogriff (D:9)
  Edmund (D:4)
  3 water moccasins
  3 orc warriors
  2 ice beasts
  A wasp (D:9)
  A phantom (D:10)
  2 sky beasts
  A black bear (D:6)
  An eye of draining (D:10)
  A centaur (D:6)
  5 ogres
  A big kobold (D:7)
  6 giant frogs
  A wyvern skeleton (D:8)
  A water moccasin skeleton (D:10)
  3 scorpions
  8 killer bees
  5 wights (D:9)
  4 howler monkeys
  A crimson imp (D:4)
  A giant frog zombie (D:9)
  A centaur zombie (D:9)
  5 hounds
  3 jellies
  3 orc priests
  A giant frog skeleton (D:12)
  2 centaur skeletons
  Crazy Yiuf (D:4)
  11 orc wizards
  Terence (D:3)
  Natasha (thrice) (D:4)
  4 iguanas
  7 worker ants
  A hound skeleton (D:4)
  A worker ant zombie (D:9)
  Robin (D:3)
  12 gnolls
  11 adders
  A shadow imp (D:10)
  A white imp (D:4)
  2 oozes
  6 worms
  6 dart slugs
  4 giant geckos
  31 orcs
  2 ball pythons (D:2)
  5 giant cockroaches
  6 hobgoblins
  12 jackals
  3 quokkas
  4 bats
  3 giant newts
  17 goblins
  A jackal skeleton (D:6)
  19 kobolds
  A quokka zombie (D:7)
  9 rats
  A fungus (D:4)
281 creatures vanquished.

Vanquished Creatures (collateral kills)
  A steam dragon (D:7)
  2 insubstantial wisps (D:7)
  3 sky beasts (D:7)
  A hound (D:5)
7 creatures vanquished.

Vanquished Creatures (others)
  3 slaves (D:8)
  A necrophage (D:8)
  An iguana (D:8)
  An adder (D:8)
  2 orcs (D:8)
  2 jackals (D:8)
  A quokka (D:8)
11 creatures vanquished.

Grand Total: 299 creatures vanquished

Notes
Turn   | Place    | Note
--------------------------------------------------------------
     0 | D:1      | Shtopit the Gargoyle Berserker began the quest for the Orb.
     0 | D:1      | Reached XP level 1. HP: 14/14 MP: 1/1
   413 | D:1      | Reached XP level 2. HP: 16/19 MP: 2/2
   951 | D:1      | Reached XP level 3. HP: 24/24 MP: 3/3
  1231 | D:2      | Noticed a moth of wrath
  1235 | D:2      | Found a bloodstained altar of Trog.
  1314 | D:2      | Reached ** piety under Trog
  1484 | D:2      | Reached XP level 4. HP: 29/29 MP: 4/4
  2106 | D:3      | Reached skill level 4 in Maces & Flails
  2113 | D:3      | Reached XP level 5. HP: 33/33 MP: 5/5
  2383 | D:3      | Reached *** piety under Trog
  2505 | D:3      | Noticed Terence
  2513 | D:3      | Killed Terence
  2561 | D:3      | Noticed Robin
  2595 | D:3      | Killed Robin
  2600 | D:3      | Reached XP level 6. HP: 39/39 MP: 6/6
  2904 | D:3      | Found a basalt altar of Yredelemnul.
  3095 | D:4      | Noticed Natasha
  3104 | D:4      | Killed Natasha
  3138 | D:4      | Reached **** piety under Trog
  3194 | D:4      | Noticed Natasha
  3205 | D:4      | Killed Natasha
  3492 | D:4      | Noticed Natasha
  3497 | D:4      | Killed Natasha
  3497 | D:4      | Reached skill level 5 in Fighting
  3579 | D:4      | Reached XP level 7. HP: 43/44 MP: 7/7
  3745 | D:4      | Noticed Edmund
  3786 | D:4      | Killed Edmund
  3786 | D:4      | Reached skill level 5 in Maces & Flails
  4271 | D:4      | Noticed Crazy Yiuf
  4276 | D:4      | Killed Crazy Yiuf
  4404 | D:5      | Entered Level 5 of the Dungeon
  4473 | D:5      | Found Bcolfuv's Bounteous Boutique.
  4512 | D:5      | Noticed a spriggan
  4877 | D:6      | Found a staircase to the Ecumenical Temple.
  4909 | D:6      | Reached XP level 8. HP: 50/50 MP: 8/8
  4924 | D:6      | Reached skill level 5 in Armour
  4944 | D:6      | Noticed MDvedh's ghost (novice HuBe)
  4962 | D:6      | Killed MDvedh's ghost
  5033 | D:6      | Reached skill level 6 in Maces & Flails
  5033 | D:6      | Reached skill level 5 in Dodging
  5033 | D:6      | Reached skill level 1 in Evocations
  5614 | D:6      | Reached XP level 9. HP: 54/55 MP: 10/10
  5658 | D:6      | Noticed Sigmund
  5669 | D:6      | Killed Sigmund
  5971 | D:7      | Found a snail-covered altar of Cheibriados.
  5971 | D:7      | Found a blossoming altar of Fedhas.
  5972 | D:7      | Found a white marble altar of Elyvilon.
  6043 | D:7      | Found a shimmering altar of Xom.
  6216 | D:7      | Noticed Joseph
  6237 | D:7      | Killed Joseph
  6237 | D:7      | Reached ***** piety under Trog
  6237 | D:7      | Reached skill level 7 in Maces & Flails
  6679 | D:7      | Reached XP level 10. HP: 23/61 MP: 12/12
  6941 | D:7      | Identified a scroll of acquirement
  7054 | D:8      | Noticed Pikel
  7068 | D:8      | Killed Pikel
  7068 | D:8      | Reached skill level 8 in Maces & Flails
  7278 | D:8      | Noticed Gastronok
  7566 | D:8      | Found a white marble altar of Elyvilon.
  8507 | D:9      | Found a blossoming altar of Fedhas.
  8551 | D:9      | Reached skill level 5 in Evocations
  9232 | D:9      | Reached skill level 9 in Maces & Flails
  9448 | D:9      | Reached XP level 11. HP: 68/68 MP: 15/15
  9452 | D:9      | Received a gift from Trog
  9684 | D:10     | Entered Level 10 of the Dungeon
  9700 | D:10     | Found a portal to a secret trove of treasure.
  9742 | D:10     | Gained mutation: You possess an exceptional clarity of mind. [potion of mutation]
  9742 | D:10     | Gained mutation: You have a pair of small antennae on your head. [potion of mutation]
  9742 | D:10     | Gained mutation: You are partially covered in large bone plates (AC +2, SH +2). [potion of mutation]
  9748 | Trove    | Entered a treasure trove
  9782 | Trove    | Got an ancient ruby amulet
  9786 | Trove    | Got a flickering golden ring
  9866 | D:10     | Identified the amulet of Moderation {Dismiss rN+ Str+3 SInv} (You found it in a treasure trove)
  9868 | D:10     | Identified the ring of the Forgotten Beds {*Tele rN+++ Int-4 Dex+9 Stlth-} (You found it in a treasure trove)
 10177 | D:10     | Reached skill level 10 in Maces & Flails
 10261 | D:10     | Noticed Maud
 10586 | D:10     | Noticed a purple ugly thing
 10613 | D:10     | Killed a purple ugly thing
 10617 | D:10     | Noticed an iron golem
 10617 | D:10     | Noticed an iron golem
 10617 | D:10     | Noticed an iron golem
 10617 | D:10     | Noticed an iron golem
 10663 | D:11     | Noticed a brown ugly thing
 10663 | D:11     | Noticed a skeletal warrior
 10663 | D:11     | Noticed a skeletal warrior
 10664 | D:11     | Noticed a skeletal warrior
 10668 | D:11     | Noticed a hill giant
 10682 | D:12     | Noticed a purple ugly thing
 10702 | D:12     | Noticed a sixfirhy
 10721 | D:12     | Noticed a sixfirhy
 10728 | D:12     | Noticed a deep elf mage
 10728 | D:12     | Killed a purple ugly thing
 10784 | D:12     | Killed a deep elf mage
 10784 | D:12     | Reached skill level 11 in Maces & Flails
 10964 | D:12     | Noticed a deep elf mage
 10980 | D:12     | HP: 1/69 [slime creature (11)]
 11035 | D:12     | Noticed an unseen horror
 11043 | D:12     | Killed an unseen horror
 11124 | D:12     | Noticed a hill giant
 11136 | D:12     | Killed a hill giant
 11271 | D:12     | Found Libliucw's Assorted Antiques.
 11467 | D:12     | HP: 3/71 [large slime creature (18)]
 11470 | D:12     | HP: 1/106 [large slime creature (16)]
 11470 | D:12     | Mangled by an enormous slime creature

Skill      XL: |  1  2  3  4  5  6  7  8  9 10 11 |
---------------+----------------------------------+-----
Fighting       | 4 5 6 8 9 |  9.2
Dodging        | 2 3 4 5 6 |  6.4
Maces & Flails | 4 5 6 7 9 11 | 11.9
Armour         | 3 4 6 7 8 9 |  9.5
Evocations     | 2 3 5 6 |  6.6

Action                   |  1- 3 |  4- 6 |  7- 9 | 10-12 || total
-------------------------+-------+-------+-------+-------++-------
Melee: Mace              |   105 |    79 |       |       ||   184
       Flail             |       |   146 |       |       ||   146
       Morningstar       |       |    61 |   455 |   296 ||   812
       Dire flail        |       |       |       |   351 ||   351
Invok: Berserk           |     5 |     4 |     5 |     6 ||    20
       Burn Spellbooks   |       |     1 |       |     2 ||     3
       Brothers in Arms  |       |       |     1 |       ||     1
Evoke: Wand              |       |       |     4 |     2 ||     6
  Use: Scroll            |       |     3 |     5 |    19 ||    27
       Potion            |       |       |     4 |     5 ||     9
  Eat: Chunk             |     6 |    12 |    13 |    12 ||    43
       Beef jerky        |       |       |     2 |       ||     2
       Fruit             |       |       |       |     4 ||     4
       Pizza             |       |       |       |     2 ||     2
       Bread ration      |       |       |       |     1 ||     1
Armor: Animal skin       |     7 |       |       |       ||     7
       Ring mail         |    41 |    49 |       |       ||    90
       Scale mail        |       |   168 |   233 |       ||   401
       Plate armour      |       |       |   164 |   588 ||   752
Dodge: Dodged            |    69 |   223 |   279 |   472 ||  1043
Block: Other             |       |       |       |    36 ||    36
